 Dungeon Crawl Stone Soup version 0.31-a0-662-g684573625c (webtiles) character file.

Game seed: 8184777268328729999

587 demibob the Ruffian (level 7, -11/44 (52) HPs)
             Began as a Demonspawn Chaos Knight on Aug 31, 2023.
             Was a Plaything of Xom.
             Mangled by a culicivora (shapeshifter) (19 damage)
             ... on level 4 of the Dungeon.
             The game lasted 00:04:58 (3372 turns).

demibob the Ruffian (Demonspawn Chaos Knight)       Turns: 3372, Time: 00:05:00

HP:   -11/44 (52)   AC:  6    Str: 15    XL:     7   Next: 15%
MP:   6/6           EV: 11    Int: 13    God:    Xom [....*.]
Gold: 166           SH:  0    Dex: 12    Spells: 6/6 levels left

rFire   . .          .
                       - Unarmed
rCold   . . .        (no shield)
rNeg    . . .        a - +2 leather armour
rPois   .            (helmet restricted)
rElec   .            (no cloak)
rCorr   .            (no gloves)
SInv    .            (no boots)
Will    .....        d - amulet of the acrobat
Stlth   +            (no ring)
HPRegen 0.27/turn    (no ring)
MPRegen 0.10/turn

%: acrobat
@: heavily drained
A: demonic guardian 1, spiny 2, horns 1, low MP 1, shaggy fur 1
a: Renounce Religion


You were on level 4 of the Dungeon.
You worshipped Xom.
You were a beloved toy of Xom.
You visited 1 branch of the dungeon, and saw 4 of its levels.

You collected 166 gold pieces.


Innate Abilities, Weirdness & Mutations

A weak demonic guardian rushes to your aid.
You are mostly covered in sharp spines.
You have a pair of small horns on your head.
Your magical capacity is low. (-10% MP)
You are covered in fur. (AC +1)


   Skills:
 - Level 3.0 Fighting
 - Level 1.7 Armour
 - Level 0.8 Dodging
 + Level 7.6 Unarmed Combat


You had 6 spell levels left.
You didn't know any spells.
Your spell library contained the following spells:

 Spells                   Type           Power      Damage    Failure   Level
 Foxfire                  Conj/Fire      0%         2x1d4     36%         1
 Magic Dart               Conj           0%         1d3       36%         1
 Call Imp                 Summ           0%         N/A       50%         2
 Poisonous Vapours        Pois/Air       0%         N/A       50%         2
 Inner Flame              Hex/Fire       0%         N/A       75%         3
 Mephitic Cloud           Conj/Pois/Air  0%         N/A       75%         3
 Manifold Assault         Tloc           0%         N/A       98%         4
 Freezing Cloud           Conj/Ice/Air   0%         6-21      100%        5
 Yara's Violent Unravell  Hex/Tmut       0%         3d3       100%        5
 Dispersal                Tloc           0%         N/A       100%        6
 Plasma Beam              Fire/Air       0%         2x1d10    100%        6
 Starburst                Conj/Fire      0%         6d3       100%        6
 Enfeeble                 Hex            0%         N/A       100%        7
 Disjunction              Tloc           0%         N/A       100%        8

Inventory:

Missiles
 l - 4 atropa-tipped darts
Armour
 a - a +2 leather armour (worn)
Magical Staves
 f - a staff of conjuration {!a}
 i - a staff of fire {!a}
Jewellery
 d - an amulet of the acrobat (around neck)
 C - a ring of ice
Wands
 h - a wand of paralysis (6)
Scrolls
 b - a scroll of butterflies
 e - 2 scrolls of identify {@r1}
 j - a scroll of poison
Potions
 c - 2 potions of curing {@q1}
 g - a potion of berserk rage {!q}
 k - a potion of heal wounds {unknown}

Dungeon Overview and Level Annotations

Branches:
Dungeon (4/15)
 Temple: D:4-7

Altars:

Shops:
D:1 (

Annotations:
D:3 2 transporters, zenocrate's ghost, amateur OpSh

..# #.#.............#.........
########.#....)............####.#
#...))...#........##.......+ ...
#..#######........##.......# ...#
##.# #.####'####.......##.###
##.# #.###§....#.......##. ##.#
#.##......#.......##. ...# #.
#.§.5..#.......## ...# #
#b..@..#.......# ...#
###.##..s...#.......#
...#####....§§§..b...#
......##.#.##§§#####.# .#........
#§§## .# .#####...##§§§. .
.........##..... . .......#
#...... .......+ .....(..


You could see a culicivora shaped shifter (berserk, fast, ally target) and a
friendly white imp (summoned).


Message History

The shapeshifter hits you but does no damage.
The shapeshifter changes into a culicivora!
You punch the culicivora!
The culicivora is lightly wounded.
The culicivora is engulfed in seething chaos.
The culicivora goes berserk!
The culicivora bites you!!!
Ouch! That really hurt!
* * * LOW HITPOINT WARNING * * *
A shower of butterflies erupts from you!
A demonic guardian appears!
The culicivora draws strength from your injuries!
Your butterfly is engulfed in a cloud of scalding steam.
Your butterfly dies!
Your butterfly disappears in a puff of smoke!
The culicivora is engulfed in seething chaos.
The culicivora seems to speed up.
The culicivora rages.
The culicivora attacks as it pursues you!
The culicivora is struck by your spines.
The culicivora closely misses you.
The culicivora is struck by your spines.
The culicivora misses you.
Okay, then.
You feel better. The culicivora bites you.
* * * LOW HITPOINT WARNING * * *
The culicivora draws strength from your injuries!
The culicivora is struck by your spines.
The culicivora bites you!!
You die...
Xom thinks this is hilarious!

Skill      XL: |  1  2  3  4  5  6 |
---------------+-------------------+-----
Unarmed Combat | 3 5 6 7 |  7.6
Fighting       | |  3.0
Armour         | |  1.7
Dodging        | |  0.8

Action                     |  1- 3 |  4- 6 |  7- 9 || total
---------------------------+-------+-------+-------++-------
  Melee: Unarmed           |    71 |    92 |    10 ||   173
         Punch             |     4 |     1 |       ||     5
         Headbutt          |       |    12 |     1 ||    13
  Evoke: Wand              |     1 |     4 |       ||     5
    Use: Scroll            |     5 |     1 |       ||     6
         Potion            |       |       |     2 ||     2
   Stab: Paralysed         |     9 |     2 |       ||    11
         Sleeping          |     1 |       |     1 ||     2
 Armour: Leather armour    |    24 |    32 |     5 ||    61
  Dodge: Dodged            |    27 |    46 |     5 ||    78

Levels and vault maps discovered:
D:1:      ldierk_walled_garden_2, layout_loops_ring, serial_shops, shop
D:2:      layout_loops_ring
D:3:      layout_basic, shapermc_ecumenical_altar_pompeii,
          gammafunk_ghost_mausoleum
D:4:      layout_basic, minmay_temple_entry_arrows,
          chequers_serial_rivers_micro_d

Notes
Turn   | Place    | Note
-------+----------+-------------------------------------------
     0 | D:1      | demibob the Demonspawn Chaos Knight began the quest for the
                  | Orb.
     0 | D:1      | Reached XP level 1. HP: 18/18 MP: 1/1
   159 | D:1      | XOM: silly message
   162 | D:1      | Reached skill level 3 in Unarmed Combat
   180 | D:1      | XOM: butterfly on damage
   188 | D:1      | Gained mutation: You are partially covered in sharp spines.
                  | [demonic ancestry]
   188 | D:1      | Reached XP level 2. HP: 17/24 MP: 2/2
   240 | D:1      | XOM: silly message
   342 | D:1      | XOM: noise
   351 | D:1      | XOM: noise
   412 | D:1      | Found Athasewn's Antique Weapon Shoppe.
   569 | D:1      | Gained mutation: You are mostly covered in sharp spines.
                  | [demonic ancestry]
   569 | D:1      | Reached XP level 3. HP: 25/29 MP: 3/3
   585 | D:1      | XOM: noise
   756 | D:2      | Reached skill level 4 in Unarmed Combat
   857 | D:2      | XOM: 3-stop teleportation journey
  1325 | D:3      | Noticed an ogre
  1326 | D:3      | XOM: silly message
  1339 | D:3      | Killed an ogre
  1340 | D:3      | Reached skill level 5 in Unarmed Combat
  1340 | D:3      | Reached XP level 4. HP: 9/35 MP: 4/4
  1340 | D:3      | Reached XP level 5. HP: 11/41 MP: 5/5
  1392 | D:3      | XOM: give mutations
  1392 | D:3      | Gained mutation: You have hidden genetic potential. [Xom's
                  | grace]
  1392 | D:3      | Gained mutation: You have a pair of small horns on your
                  | head. [Xom's grace]
  1644 | D:3      | XOM: summons 5 friendly demons
  1741 | D:3      | Found a transporter.
  1741 | D:3      | Noticed zenocrate's ghost (amateur OpSh)
  1745 | D:3      | Found a transporter.
  1913 | D:3      | Found a faded altar of an unknown god.
  2689 | D:4      | Reached skill level 6 in Unarmed Combat
  2689 | D:4      | Gained mutation: A weak demonic guardian rushes to your
                  | aid. [demonic ancestry]
  2689 | D:4      | Reached XP level 6. HP: 47/47 MP: 6/6
  2700 | D:4      | Gained mutation: You are covered in fur. (AC +1) [hidden
                  | potential]
  2766 | D:4      | XOM: god gift: book of Misfortune
  2900 | D:4      | XOM: blink monster(s)
  2904 | D:4      | XOM: chaos upgrade
  2935 | D:4      | Reached skill level 7 in Unarmed Combat
  2995 | D:4      | Reached XP level 7. HP: 40/52 MP: 7/7
  3009 | D:4      | Gained mutation: You have large cloven feet. [hidden
                  | potential]
  3009 | D:4      | Lost mutation: You have hidden genetic potential. [hidden
                  | potential expressed]
  3098 | D:4      | XOM: give mutations
  3098 | D:4      | Lost mutation: You have large cloven feet. [Xom's mischief]
  3098 | D:4      | Gained mutation: Your magical capacity is low. (-10% MP)
                  | [Xom's mischief]
  3109 | D:4      | XOM is BORED!
  3109 | D:4      | XOM: torment (27/52 hp)
  3221 | D:4      | XOM: draining
  3361 | D:4      | Noticed a steam dragon
  3361 | D:4      | XOM: chaos cloud
  3364 | D:4      | XOM: enchant monster (bad)
  3368 | D:4      | a steam dragon changed into a shapeshifter
  3368 | D:4      | Noticed a shapeshifter (shapeshifter)
  3369 | D:4      | a shapeshifter changed into a culicivora
  3369 | D:4      | Noticed a culicivora (shapeshifter)
  3370 | D:4      | HP: 4/44 [culicivora (shapeshifter) (36)]
  3370 | D:4      | XOM: butterfly on damage
  3372 | D:4      | Mangled by a culicivora (shapeshifter)

Vanquished Creatures
  A black bear (D:4)
  2 ogres
  A scorpion (D:4)
  2 orc priests (D:4)
  2 orc wizards
  3 gnolls (D:4)
  5 adders
  2 worms (D:3)
  4 dart slugs (D:1)
  5 orcs
  3 ball pythons
  7 bats
  12 endoplasms
  A giant cockroach (D:3)
  3 goblins
  2 hobgoblins
  3 jackals (D:3)
  5 quokkas
  7 frilled lizards
  5 kobolds
  4 rats
79 creatures vanquished.

Table legend: (Time is in decaauts)
 A = Elapsed time spent in this place.
 B = Non-inter-level travel time spent in this place.
 C = Inter-level travel time spent in this place.
 D = Time resting spent in this place.
 E = Time spent auto-exploring this place.
 F = Levels seen in this place.
 G = Mean time per level.
                   A        B        C        D        E       F      G
               +--------+--------+--------+--------+--------+-----+--------+
         Total |   3362 |   3248 |    114 |      6 |   2721 |   4 |  840.5 |
       Dungeon |   3362 |   3248 |    114 |      6 |   2721 |   4 |  840.5 |
               +--------+--------+--------+--------+--------+-----+--------+

Top non-repeatable levels by time:
     D:3: 1250 daAuts
     D:4: 787 daAuts
     D:1: 719 daAuts
     D:2: 605 daAuts

Table legend:
 A = Non-vault XP
 B = Vault XP
 C = Vault XP percentage of total XP
 D = Non-vault monster count
 E = Vault monster count
 F = Vault count percentage of total count
                 A         B        C        D         E       F
            +---------+---------+-------+---------+---------+-------
      Total |     839 |       0 |   0.0 |      79 |       0 |   0.0
            +---------+---------+-------+---------+---------+-------
        D:1 |      45 |       0 |   0.0 |      24 |       0 |   0.0
        D:2 |      36 |       0 |   0.0 |       8 |       0 |   0.0
        D:3 |     239 |       0 |   0.0 |      30 |       0 |   0.0
        D:4 |     519 |       0 |   0.0 |      17 |       0 |   0.0
            +---------+---------+-------+---------+---------+-------
